 Dungeon Crawl Stone Soup version 0.30.1-9-gdf580d7c3d (webtiles) character file.

Game seed: 11685507130349311210

4750 boopmooplesden the Cruncher (level 10, -2/88 HPs)
             Began as a Minotaur Gladiator on Oct 7, 2023.
             Was a Priest of Okawaru.
             Slain by a vampire (4 damage)
             ... on level 7 of the Dungeon.
             The game lasted 00:12:02 (6318 turns).

boopmooplesden the Cruncher (Minotaur Gladiator)    Turns: 6318, Time: 00:12:03

Health: -2/88      AC: 10    Str: 23    XL:     10   Next: 23%
Magic:  9/9        EV: 12    Int:  5    God:    Okawaru [***...]
Gold:   165        SH:  0    Dex: 12    Spells: 9/9 levels left

rFire   + . .        a - +0 quarterstaff (protect)
rCold   x . .        (shield currently unavailable)
rNeg    . . .        n - +0 scale mail
rPois   .            c - +1 hat
rElec   .            (no cloak)
rCorr   .            u - +0 pair of gloves
SInv    .            (no boots)
Will    .....        (no amulet) Stlth
                     h - ring of fire
HPRegen 0.34/turn    (no ring)
MPRegen 0.11/turn

%: no passive effects
@: mighty, silenced
A: horns 2, retaliatory headbutt, deterioration 1
a: Renounce Religion


You were on level 7 of the Dungeon.
You worshipped Okawaru.
Okawaru was most pleased with you.
You visited 2 branches of the dungeon, and saw 8 of its levels.

You collected 260 gold pieces.
You spent 95 gold pieces at shops.

Inventory:

Hand Weapons
 a - a +0 quarterstaff of protection (weapon)
 x - a +2 great sword
 y - a +5 halberd
Missiles
 d - 3 throwing nets (quivered)
 e - a javelin
 i - 3 boomerangs
Armour
 b - a +0 leather armour
 c - a +1 hat (worn)
 l - a +0 chain mail
 n - a +0 scale mail (worn)
 u - a +0 pair of gloves (worn)
Magical Staves
 f - a staff of earth
Jewellery
 h - a ring of fire (left hand)
Wands
 A - a wand of paralysis (21)
Scrolls
 g - a scroll of amnesia
 m - a scroll of enchant armour
 r - a scroll of blinking {unknown}
 w - 2 scrolls of identify
Potions
 k - 3 potions of lignification
 o - 2 potions of curing {unknown}
 p - a potion of resistance {unknown}
 s - a potion of berserk rage {unknown}
 t - 2 potions of magic {unknown}
 v - a potion of brilliance {unknown}
 z - a potion of flight {unknown}


   Skills:
 + Level 8.3 Fighting
 + Level 12.2 Staves
 + Level 2.4 Throwing
 + Level 9.0 Armour
 + Level 6.1 Dodging
 + Level 1.8 Stealth
 + Level 0.2 Invocations


You had 9 spell levels left.
You didn't know any spells.
Your spell library contained the following spells:

 Spells                   Type           Power      Damage    Failure   Level
 Slow                     Hex            0%         N/A       75%         1
 Confusing Touch          Hex            0%         N/A       98%         3
 Portal Projectile        Hex/Tloc       0%         N/A       98%         3
 Vampiric Draining        Necr           0%         2d6       98%         3
 Leda's Liquefaction      Hex/Erth       0%         N/A       100%        4
 Call Canine Familiar     Summ           Unusable   N/A       N/A         3

Dungeon Overview and Level Annotations

Branches:
Dungeon (7/15)             Temple (1/1) D:6

Altars:
Ashenzari
Cheibriados
Gozag
Hepliaklqana
Kikubaaqudgha
Makhleb
Nemelex Xobeh
Okawaru
Qazlal
Ru
Vehumet
Wu Jian
Xom
Yredelemnul
Zin
The Shining One

Shops:
D:2 [   D:3 *

Annotations:
D:2 Terence
D:7 3 runed translucent doors, NorthWizard01's ghost, novice SpEE


Innate Abilities, Weirdness & Mutations

You have a pair of horns on your head.
You reflexively headbutt those who attack you in melee.
Your body sometimes deteriorates upon taking damage.


Message History

Something draws strength from your injuries!
You closely miss something.
You feel like a meek peon again.
You feel sick.
You thump something!
You feel sick. Something hits you but does no damage.
Something bites you but does no damage.
The kobold brigand throws a curare-tipped dart.
Something hits you! Something bites you but does no damage.
You hit something. You headbutt something.
You feel sick. Something hits you but does no damage.
Something bites you but does no damage.
You closely miss something. Your headbutt misses something.
You feel sick.
You are no longer poisoned.
Something hits you but does no damage. Something bites you.
Something draws strength from your injuries!
You barely miss something. Your headbutt misses something. Something hits you.
Something bites you but does no damage. Something hits you.
* * * LOW HITPOINT WARNING * * *
Something bites you but does no damage.
You feel very mighty all of a sudden. Something hits you!
* * * LOW HITPOINT WARNING * * *
Something bites you.
* * * LOW HITPOINT WARNING * * *
Something draws strength from your injuries!
Something hits you.
* * * LOW HITPOINT WARNING * * *
Something barely misses you.
Okay, then.
As you read the scroll labelled UFOFOE JOGUKH, it crumbles to dust.
A profound silence engulfs you.
It was a scroll of silence.
You feel yourself speed up. Something hits you but does no damage.
Something bites you.
* * * LOW HITPOINT WARNING * * *
Something draws strength from your injuries!
Unknown command.
You closely miss something. You headbutt something! Something hits you.
* * * LOW HITPOINT WARNING * * *
Something bites you.
You die...

.#
######.......#########.#
#.... .#
#..................#
#.... .#
#########.########.#
#.... ##
#...♣.......♣...#..
##### #.♣.♣.♣.♣.♣.♣)♣.#
# #.♣.♣.♣.♣.♣.♣.♣.#
#♣♣.♣.♣.♣.♣.♣.♣♣# ###
♣...♣...♣...♣ ..######
######@###### ..#♣...♣#
♣♣♣♣♣♣†♣♣♣♣♣♣♣
..#.♣♣♣.#♣......♣K.....♣
..#.♣ ♣.#♣P~P..###...~.♣
..#)♣♣♣.#♣P.P..# #..P..♣
..#♣...♣#♣..... #.....♣
#.#♣...♣#♣.... .......♣
#.#.♣♣♣.#♣.## .....###.♣
....♣ ♣..)♣ [...~... ♣..


You could see a kobold brigand.

Vanquished Creatures
  A tengu warrior (D:7)
  A manticore (D:7)
  A komodo dragon (D:6)
  Grinder (D:5)
  A wraith (D:7)
  2 steam dragons
  2 water moccasins (D:7)
  3 orc warriors
  An ice beast (D:7)
  A phantom (D:7)
  A centaur (D:7)
  4 kobold brigands
  4 bullfrogs
  5 scorpions
  8 wights (D:5)
  A killer bee (D:7)
  A howler monkey (D:7)
  A crimson imp (D:6)
  3 jellies
  5 orc priests (D:5)
  2 hounds
  A sleepcap (D:7)
  5 iguanas
  8 orc wizards
  4 adders
  A shadow imp (D:7)
  3 white imps
  An ufetubus (D:7)
  A worm (D:3)
  A dart slug (D:1)
  34 orcs
  8 ball pythons
  5 endoplasms
  5 giant cockroaches
  8 goblins
  5 hobgoblins
  4 jackals (D:1)
  16 kobolds
  5 quokkas
  11 bats
  4 frilled lizards
  14 rats
193 creatures vanquished.

Vanquished Creatures (others)
  An orc wizard (D:5)
1 creature vanquished.

Grand Total: 194 creatures vanquished

Notes
Turn   | Place    | Note
-------+----------+-------------------------------------------
     0 | D:1      | boopmooplesden the Minotaur Gladiator began the quest for
                  | the Orb.
     0 | D:1      | Reached XP level 1. HP: 18/18 MP: 0/0
   176 | D:1      | Reached XP level 2. HP: 20/25 MP: 1/1
   354 | D:1      | Reached skill level 4 in Staves
   423 | D:1      | Reached XP level 3. HP: 30/30 MP: 2/2
   803 | D:2      | Found Guwu's Armour Emporium.
  1036 | D:2      | Noticed Terence
  1090 | D:2      | Found a glowing silver altar of Zin.
  1130 | D:2      | Gained mutation: Your spells are a little harder to cast,
                  | but a little more powerful. [potion of mutation]
  1131 | D:2      | Lost mutation: Your spells are a little harder to cast, but
                  | a little more powerful. [potion of mutation]
  1131 | D:2      | Gained mutation: You expend magic power (3 MP) to
                  | strengthen your wands. [potion of mutation]
  1131 | D:2      | Gained mutation: Your mind is acute. (Int +4, Str/Dex -1)
                  | [potion of mutation]
  1132 | D:2      | Lost mutation: Your mind is acute. (Int +4, Str/Dex -1)
                  | [potion of mutation]
  1132 | D:2      | Lost mutation: You expend magic power (3 MP) to strengthen
                  | your wands. [potion of mutation]
  1132 | D:2      | Gained mutation: Your body sometimes deteriorates upon
                  | taking damage. [potion of mutation]
  1144 | D:2      | Reached skill level 1 in Armour
  1800 | D:3      | Reached XP level 4. HP: 28/31 MP: 3/3
  2147 | D:3      | Found Soucluwk's General Store.
  2153 | D:3      | Bought a scroll of brand weapon for 95 gold pieces
  2561 | D:4      | Reached XP level 5. HP: 42/45 MP: 4/4
  2627 | D:4      | Noticed a steam dragon
  2640 | D:4      | Killed a steam dragon
  2641 | D:4      | Reached skill level 5 in Staves
  2641 | D:4      | Reached XP level 6. HP: 14/52 MP: 5/5
  3283 | D:5      | Entered Level 5 of the Dungeon
  3314 | D:5      | Reached skill level 6 in Staves
  3342 | D:5      | Reached XP level 7. HP: 59/59 MP: 6/6
  3402 | D:5      | Reached skill level 5 in Dodging
  3435 | D:5      | Reached skill level 7 in Staves
  3608 | D:5      | Reached skill level 5 in Armour
  3738 | D:5      | Reached skill level 5 in Fighting
  3769 | D:5      | Reached XP level 8. HP: 49/68 MP: 7/7
  4038 | D:5      | Found a sparkling altar of Nemelex Xobeh.
  4054 | D:5      | Noticed Grinder
  4061 | D:5      | Paralysed by Grinder for 4 turns
  4069 | D:5      | Paralysed by Grinder for 3 turns
  4076 | D:5      | Paralysed by Grinder for 5 turns
  4093 | D:5      | Killed Grinder
  4094 | D:5      | Reached skill level 8 in Staves
  4284 | D:5      | Found a glowing golden altar of the Shining One.
  4754 | D:6      | Reached skill level 9 in Staves
  4760 | D:6      | Found a staircase to the Ecumenical Temple.
  4933 | D:6      | Found a burning altar of Makhleb.
  4981 | Temple   | Entered the Ecumenical Temple
  4986 | Temple   | Became a worshipper of Warmaster Okawaru
  5128 | D:6      | Found a broken altar of Ashenzari.
  5192 | D:6      | Reached XP level 9. HP: 78/78 MP: 8/8
  5193 | D:6      | Found a shimmering altar of Xom.
  5193 | D:6      | Noticed a komodo dragon
  5198 | D:6      | Killed a komodo dragon
  5199 | D:6      | Reached skill level 10 in Staves
  5482 | D:7      | Reached skill level 1 in Stealth
  5494 | D:7      | Reached * piety under Okawaru
  5540 | D:7      | Found a runed translucent gate.
  5540 | D:7      | Found a runed translucent gate.
  5541 | D:7      | Found a runed translucent gate.
  5849 | D:7      | Reached skill level 11 in Staves
  5877 | D:7      | Noticed a manticore
  5881 | D:7      | Reached ** piety under Okawaru
  5901 | D:7      | Noticed a tengu warrior
  5910 | D:7      | Killed a manticore
  5922 | D:7      | Reached XP level 10. HP: 48/88 MP: 7/9
  6129 | D:7      | Killed a tengu warrior
  6129 | D:7      | Reached *** piety under Okawaru
  6130 | D:7      | Reached skill level 12 in Staves
  6218 | D:7      | Noticed NorthWizard01's ghost (novice SpEE)
  6318 | D:7      | HP: 2/88 [something (4)]
  6318 | D:7      | Slain by a vampire

Illustrated notes

Levels and vault maps discovered:
D:1:      minmay_arrival_split_and_join, layout_rooms, wad_floor_pattern_1
D:2:      layout_loops_corners, basic_altar, serial_shops, shop, uniq_terence
D:3:      layout_rooms, serial_shops, nicolae_square_shop, roderic_batcave,
          minmay_vboxes
D:4:      layout_loops_ring
D:5:      layout_loops_cross, nemelex_xobeh_ov_fountains_minmay,
          kennysheep_mini, portal_sewer_entry_a, uniq_grinder
D:6:      layout_gridville, mainiacjoe_overflow_surrounded_room,
          lemuel_coloured_pillars_altar, makhleb_grotto_becter,
          minmay_temple_entry_slanted
D:7:      nzn_winding_woodlands_cross [nzn_winding_woodlands_5x15_parted,
          nzn_winding_woodlands_5x15_split_checker,
          nzn_winding_woodlands_5x15_sidewinder,
          nzn_winding_woodlands_5x15_zeroes,
          nzn_winding_woodlands_15x15_five_gardens], layout_basic, tgw_fedhas,
          gammafunk_temple_overflow_statue, gammafunk_ghost_necromancy
Temple:   minmay_freezing_vapour_temple

Skill      XL: |  1  2  3  4  5  6  7  8  9 10 |
---------------+-------------------------------+-----
Staves         | 4 5 6 7 9 11 12 | 12.2
Armour         | 2 3 4 5 6 8 9 |  9.0
Dodging        | 4 5 6 |  6.1
Fighting       | 3 4 5 6 7 8 |  8.3
Stealth        | 1 |  1.8
Throwing       | |  2.4
Invocations    | |  0.2

Action                     |  1- 3 |  4- 6 |  7- 9 | 10-12 || total
---------------------------+-------+-------+-------+-------++-------
  Melee: Quarterstaff      |    75 |    90 |   304 |    36 ||   505
         Headbutt          |    14 |    16 |    42 |    11 ||    83
         Staff             |    34 |    56 |       |       ||    90
         Punch             |     1 |     1 |       |       ||     2
  Throw: Throwing net      |       |       |     2 |       ||     2
 Invoke: Heroism           |       |       |     1 |     2 ||     3
    Use: Scroll            |     6 |     5 |     3 |     2 ||    16
         Potion            |     6 |       |       |     1 ||     7
   Stab: Held in net/web   |       |       |     1 |       ||     1
 Armour: Leather armour    |    32 |       |       |       ||    32
         Scale mail        |    18 |    87 |   145 |    33 ||   283
         Skin              |     4 |       |       |       ||     4
  Dodge: Dodged            |    77 |    78 |   179 |    19 ||   353
